 Dungeon Crawl Stone Soup version 0.29-a0-1023-g6ae1a4a2c7 (webtiles) character file.

Game seed: 5505004961686150585

211 jt the Magician (level 5, -1/42 HPs)
             Began as a Naga Hedge Wizard on Aug 11, 2022.
             Was a Follower of Ru.
             Slain by a black bear (2 damage)
             ... on level 4 of the Dungeon.
             The game lasted 00:06:42 (2883 turns).

jt the Magician (Naga Hedge Wizard)                 Turns: 2883, Time: 00:06:43

Health: -1/42      AC:  6    Str: 12    XL:     5   Next: 88%
Magic:  10/10      EV:  9    Int: 16    God:    Ru [*.....]
Gold:   38         SH:  0    Dex: 11    Spells: 6/11 levels left

rFire   . . .      SeeInvis +   i - staff of cold
rCold   + . .      Faith    .   (no shield)
rNeg    . . .      Spirit   .   b - +0 robe
rPois   +          Reflect  .   j - +1 helmet
rElec   .          Harm     .   (no cloak)
rCorr   .          Rampage  .   h - +0 pair of gloves
Will    .....      Rage     3%  (no barding)
Stlth   ++........              p - amulet of the acrobat
HPRegen 0.14/turn               (no ring)
MPRegen 0.12/turn               (no ring)

@: very slow
A: AC +1, large, see invisible, deformed body, poison resistance, slowness 2,
spit poison 1, inability to train dodging, naga tail 1, berserk 1, shaggy fur 1
a: Spit Poison, Renounce Religion


You were on level 4 of the Dungeon.
You worshipped Ru.
Ru was aware of your devotion.
You visited 1 branch of the dungeon, and saw 4 of its levels.

You collected 64 gold pieces.
You spent 26 gold pieces at shops.

Inventory:

Hand Weapons
 a - a +0 dagger
 g - a +0 scythe
 r - a +0 sling
Missiles
 l - 6 stones
 n - 4 javelins
Armour
 b - a +0 robe (worn)
 c - a +0 hat
 h - a +0 pair of gloves (worn)
 j - a +1 helmet (worn)
 u - a +0 chain mail
Magical Staves
 i - a staff of cold (weapon)
Jewellery
 p - an amulet of the acrobat (around neck)
Scrolls
 f - 2 scrolls of teleportation
 k - a scroll of immolation
 q - a scroll of vulnerability {unknown}
 t - 2 scrolls of amnesia
 v - a scroll of fog {unknown}
Potions
 d - a potion of magic
 e - 2 potions of flight
 m - a potion of haste {unknown}
 o - a potion of curing
 s - a potion of heal wounds {unknown}


   Skills:
 - Level 3.0 Stealth
 + Level 3.9 Spellcasting
 + Level 2.8 Conjurations
 + Level 2.8 Summonings
 + Level 2.8 Translocations


You had 6 spell levels left.
You knew the following spells:

 Your Spells              Type           Power      Damage    Failure   Level
a - Magic Dart            Conj           48%        1d5       5%          1
b - Blink                 Tloc           24%        N/A       9%          2
c - Call Imp              Summ           12%        N/A       9%          2

Your spell library contained the following spells:

 Spells                   Type           Power      Damage    Failure   Level
 Necrotise                Necr           12%        1d4       17%         1
 Slow                     Hex            12%        N/A       17%         1
 Conjure Flame            Conj/Fire      7%         6-21      28%         3
 Mephitic Cloud           Conj/Pois/Air  6%         N/A       34%         3
 Vampiric Draining        Necr           3%         2d6       45%         3
 Agony                    Necr           3%         N/A       99%         5


Dungeon Overview and Level Annotations

Branches:
Dungeon (3/15)

Altars:
Ru

Shops:
D:2 :??*


Innate Abilities, Weirdness & Mutations

Your serpentine skin is tough. (AC +1)
You have supernaturally acute eyesight. (SInv)
Armour fits poorly on your strangely shaped body.
Your system is resistant to poisons. (rPois)
You cover ground very slowly.
You can spit poison.
You cannot train Dodging skill.
You have a snake-like lower body.
You sometimes lose your temper in combat.
You are covered in fur. (AC +1)


Message History

Okay, then.
Aiming: Spit Poison (1% risk of failure)
Press: ? - help, Shift-Dir - straight line, f/p - black bear
Aim: a black bear (moderately wounded, 70% to hit)
The splash of poison hits the black bear!
The black bear is poisoned.
The black bear is heavily wounded.
You hit the black bear.
The black bear is severely wounded.
The black bear goes berserk!
The black bear bites you. The black bear misses you.
The black bear completely misses you.
You hit the black bear.
The black bear is almost dead.
The black bear barely misses you.
The black bear claws you but does no damage.
The black bear claws you.
You hit the black bear.
The black bear is almost dead.
The black bear looks more healthy.
The black bear bites you. The black bear claws you.
The black bear claws you but does no damage.
The black bear bites you! The black bear claws you.
The black bear claws you but does no damage.
You hit the black bear but do no damage.
The black bear is almost dead.
The black bear bites you! The black bear completely misses you.
The black bear claws you. The black bear barely misses you.
The black bear claws you. x2
* * * LOW HITPOINT WARNING * * *
You hit the black bear.
The black bear is almost dead.
You have got your breath back.
The black bear barely misses you.
The black bear claws you but does no damage.
The black bear claws you.
* * * LOW HITPOINT WARNING * * *
The black bear bites you.
* * * LOW HITPOINT WARNING * * *
The black bear claws you.
You die...

######.....#
#..........#
##.###.....#
#.# #.....# #.#
#.....# ####.#
#.....# #....#
#.....# #.####
####### #@# #h#
#.# #.#
#.$..(.......
....####.......
.. .......
....... .......


You could see a black bear (berserk).

Vanquished Creatures
  Sigmund (D:2)
  2 worms (D:2)
  2 ball pythons
  3 endoplasms (D:2)
  2 giant cockroaches
  7 hobgoblins
  2 quokkas (D:2)
  7 bats
  3 frilled lizards (D:1)
  4 goblins
  5 kobolds
  4 rats
42 creatures vanquished.

Notes
Turn   | Place    | Note
-------+----------+-------------------------------------------
     0 | D:1      | jt the Naga Hedge Wizard began the quest for the Orb.
     0 | D:1      | Reached XP level 1. HP: 15/15 MP: 4/4
   459 | D:1      | Reached XP level 2. HP: 19/22 MP: 1/6
   740 | D:1      | Found a faded altar of an unknown god.
   774 | D:1      | Prayed at the altar of an unknown god.
   774 | D:1      | Became a worshipper of Ru the Awakened
   786 | D:1      | Gained mutation: You cannot train Dodging skill. [Ru
                  | sacrifice]
   786 | D:1      | Reached * piety under Ru
   990 | D:1      | HP: 1/22 [hobgoblin (4)]
  1029 | D:1      | Learned a level 2 spell: Blink
  1032 | D:1      | Learned a level 2 spell: Call Imp
  1246 | D:1      | Reached XP level 3. HP: 28/28 MP: 5/7
  1358 | D:2      | Found Gah Wuug's Magic Scroll Shop.
  1369 | D:2      | Bought a scroll of identify for 26 gold pieces
  1418 | D:2      | Found Emmaenk's Magic Scroll Boutique.
  1480 | D:2      | Noticed Sigmund
  1491 | D:2      | Gained mutation: You sometimes lose your temper in combat.
                  | [potion of mutation]
  1491 | D:2      | Gained mutation: You are covered in fur. (AC +1) [potion of
                  | mutation]
  1498 | D:2      | Killed Sigmund
  1499 | D:2      | Reached XP level 4. HP: 9/36 MP: 6/9
  1499 | D:2      | Reached XP level 5. HP: 11/42 MP: 6/10
  1874 | D:2      | Found Gonufash's Book Boutique.
  2537 | D:2      | Found Sidaichev's Assorted Antiques.
  2854 | D:3      | You fall into a shaft and drop 1 floor!
  2871 | D:4      | Noticed a black bear
  2883 | D:4      | HP: 1/42 [black bear (3)]
  2883 | D:4      | Slain by a black bear

Illustrated notes

Levels and vault maps discovered:
D:1:      matt_arrival_los_fun, layout_rooms, hellmonk_ecumenical_altar_blasted
D:2:      layout_basic, serial_shops, shop, shop, nicolae_shop_advertising_works
          [nicolae_subvault_shop_adworks], shop, uniq_sigmund
D:3:      layout_loops_corners, chequers_hall_statues_wall_a
D:4:      layout_basic, minitemple, jmf_multi_god_temple2, uniq_duvessa

Skill      XL: |  1  2  3 |
---------------+----------+-----
Dodging        | 0 |  0.0
Conjurations   | 2 |  2.8
Summonings     | 2 |  2.8
Translocations | 2 |  2.8
Stealth        | |  3.0
Spellcasting   | |  3.9

Action                   |  1- 3 |  4- 6 || total
-------------------------+-------+-------++-------
Melee: Dagger            |     5 |       ||     5
       Staff             |    35 |    36 ||    71
Throw: Javelin           |       |     1 ||     1
 Cast: Magic Dart        |    43 |    17 ||    60
       Call Imp          |     1 |       ||     1
Invok: Sacrifice Nimblen |     1 |       ||     1
 Abil: Spit Poison       |    15 |     8 ||    23
  Use: Potion            |     3 |       ||     3
       Scroll            |     1 |     1 ||     2
 Stab: Sleeping          |     1 |       ||     1
Armor: Robe              |    11 |    11 ||    22
Dodge: Dodged            |    40 |    20 ||    60

Table legend: (Time is in decaauts)
 A = Elapsed time spent in this place.
 B = Non-inter-level travel time spent in this place.
 C = Inter-level travel time spent in this place.
 D = Time resting spent in this place.
 E = Time spent auto-exploring this place.
 F = Levels seen in this place.
 G = Mean time per level.
                   A        B        C        D        E       F      G
               +--------+--------+--------+--------+--------+-----+--------+
         Total |   3473 |   3450 |     23 |    788 |   2030 |   4 |  868.2 |
       Dungeon |   3473 |   3450 |     23 |    788 |   2030 |   4 |  868.2 |
               +--------+--------+--------+--------+--------+-----+--------+

Top non-repeatable levels by time:
     D:2: 1797 daAuts
     D:1: 1529 daAuts
     D:3: 107 daAuts
     D:4: 38 daAuts
